 Dungeon Crawl Stone Soup version 0.30.1-4-g462c640d31 (webtiles) character file.

Game seed: 6608229564823997796

50 safid the Chiller (level 3, -3/27 HPs)
             Began as a Merfolk Ice Elementalist on Aug 21, 2023.
             Succumbed to a goblin's poison
             ... on level 2 of the Dungeon.
             The game lasted 00:01:11 (913 turns).

safid the Chiller (Merfolk Ice Elementalist)         Turns: 913, Time: 00:01:12

Health: -3/27      AC:  2    Str:  8    XL:     3   Next: 79%
Magic:  1/7        EV: 12    Int: 16    God:
Gold:   73         SH:  0    Dex: 14    Spells: 6/7 levels left

rFire   + . .        e - +2 dagger (speed)
rCold   + . .        (no shield)
rNeg    . . .        a - +0 robe
rPois   +            (no helmet)
rElec   +            (no cloak)
rCorr   +            (no gloves)
SInv    .            (no boots)
Will    .....        (no amulet)
Stlth   ++           (no ring)
HPRegen 0.24/turn    (no ring)
MPRegen 0.10/turn

%: no passive effects
@: lethally poisoned (-3 -> -31), resistant
A: (nimble swimmer 2), mertail
a: no special abilities


You were on level 2 of the Dungeon.
You visited 1 branch of the dungeon, and saw 2 of its levels.

You collected 73 gold pieces.

Inventory:

Hand Weapons
 e - a +2 dagger of speed (weapon)
Armour
 a - a +0 robe (worn)
Scrolls
 c - a scroll of enchant armour {unknown}
 f - a scroll of poison {unknown}
 g - 3 scrolls of identify {unknown}
 i - 3 scrolls of teleportation {unknown}
Potions
 b - a potion of magic
 h - a potion of might {unknown}
 j - a potion of curing {unknown}


   Skills:
 + Level 1.9 Fighting
 - Level 2.6 Dodging
 - Level 2.1 Stealth
 + Level 2.6 Spellcasting
 + Level 4.9 Ice Magic


You had 6 spell levels left.
You knew the following spells:

 Your Spells              Type           Power      Damage    Failure   Level
a - Freeze                Ice            72%        1d8       2%          1

Your spell library contained the following spells:

 Spells                   Type           Power      Damage    Failure   Level
 Frozen Ramparts          Ice            36%        1d6       8%          3
 Ozocubu's Armour         Ice            18%        N/A       8%          3
 Summon Ice Beast         Ice/Summ       10%        N/A       56%         4


Dungeon Overview and Level Annotations

Branches:
Dungeon (2/15)

Altars:


Innate Abilities, Weirdness & Mutations

((You are very nimble when in or above water. (Stealth+, EV+, Speed+++)))
Your lower body shifts to a powerful aquatic tail in water.


Message History

Press: ? - help, Shift-Dir - straight line, f - goblin
Aim: a goblin, wielding a +0 dagger You freeze the goblin.
You kill the goblin!
Unknown command.
The goblin shoots a sling bullet.
The sling bullet closely misses you.
Things that are here:
a +0 dagger; a goblin corpse The goblin shoots a sling bullet.
The sling bullet closely misses you.
The goblin shoots a sling bullet.
The sling bullet barely misses you.
The goblin unwields a +2 sling of freezing.
The goblin wields a +0 dagger of venom.
It begins to drip with poison!
The goblin hits you with a +0 dagger of venom.
You are poisoned.
You barely miss the goblin.
You feel sick.
The goblin hits you with a +0 dagger of venom.
You are more poisoned.
You barely miss the goblin.
You feel very sick.
The goblin hits you with a +0 dagger of venom.
You are more poisoned.
You closely miss the goblin.
You feel very sick.
Unknown command.
Casting: Freeze (safe; 2% risk of failure)
Confirm with . or Enter, or press ? or * to list all spells.
Aiming: Freeze (safe; 2% risk of failure)
Press: ? - help, Shift-Dir - straight line, f - goblin
Aim: a goblin, wielding a +0 dagger of venom You freeze the goblin.
The goblin is heavily wounded.
* * * LOW HITPOINT WARNING * * *
You feel very sick.
The goblin hits you with a +0 dagger of venom.
* * * LOW HITPOINT WARNING * * *
You are more poisoned.
Unknown command.
It was a potion of resistance.
You feel protected.
You die...

# ##.##
..####...###
#.#........
#.#.#....#
#.#.#...#### ##
#.........##### #
.##......<..@g..#
#
.#..$..)...###.#
# #>#.#...#### #
#.#.#...# #
#...#...# #
#.####.## # #.#
#.# # #.# #.#
######.####.#


You could see a goblin.

Vanquished Creatures
  2 adders (D:2)
  6 ball pythons (D:1)
  A bat (D:1)
  An endoplasm (D:2)
  3 giant cockroaches (D:1)
  6 goblins
  5 hobgoblins (D:1)
  A frilled lizard (D:1)
  A kobold (D:1)
  4 rats (D:1)
30 creatures vanquished.

Notes
Turn   | Place    | Note
-------+----------+-------------------------------------------
     0 | D:1      | safid the Merfolk Ice Elementalist began the quest for the
                  | Orb.
     0 | D:1      | Reached XP level 1. HP: 13/13 MP: 3/3
   134 | D:1      | Reached XP level 2. HP: 17/20 MP: 3/5
   202 | D:1      | Reached skill level 1 in Fighting
   512 | D:1      | Reached XP level 3. HP: 20/26 MP: 6/6
   913 | D:2      | Succumbed to a goblin's poison

Illustrated notes

Levels and vault maps discovered:
D:1:      grunt_arrival_crossed_arrows, layout_basic, minmay_splitting_lines
D:2:      layout_loops_ring

Skill      XL: |  1  2 |
---------------+-------+-----
Fighting       | 1 |  1.9
Dodging        | |  2.6
Stealth        | |  2.1
Spellcasting   | |  2.6
Ice Magic      | |  4.9

Action                     || total
---------------------------++-------
  Melee: Whip              ||     9
         Dagger            ||    69
   Cast: Freeze            ||    16
    Use: Potion            ||     1
   Stab: Sleeping          ||     5
 Armour: Robe              ||    10
  Dodge: Dodged            ||    43
